 Dungeon Crawl Stone Soup version 0.25.1-11-g244df3a29b (webtiles) character file.

Game seed: 17582438311498492007

643036 Froggeryz the Slayer (level 27, -2/197 HPs)
             Began as an Octopode Berserker on Nov 8, 2022.
             Was the Champion of Trog.
             Slain by a sixfirhy (3 damage)
             ... summoned by a shadow demon
             ... while paralysed by a floating eye
             ... on level 2 of the Realm of Zot on Nov 9, 2022.
             The game lasted 02:14:24 (90909 turns).

Froggeryz the Slayer (Octopode Berserker)          Turns: 90909, Time: 02:14:25

Health: -2/197     AC: 10    Str: 22 (24) XL:     27
Magic:  0/27       EV:  2    Int: 10 (11) God:    Trog [******]
Gold:   3980       SH:  0    Dex: 21      Spells: 26/26 levels left

rFire    + + .     SeeInvis +     - Unarmed
rCold    . . .     Gourm    .   J - +5 kite shield {AC+3}
rNeg     . . .     Faith    .   I - +3 crown of Dyrovepreva {rElec Int+2 SInv}
rPois    +         Spirit   +   y - amulet "Lofrytz" {Spirit rC+ Str+4}
rElec    +         Reflect  .   j - +4 ring of evasion
rCorr    .         Harm     .   l - ring of protection from cold
MR       ++++.     Clarity  +   B - ring of fire
Stlth    ++........             S - +4 ring of evasion
HPRegen  0.42/turn              F - ring of fire
MPRegen  0.20/turn              H - ring of protection from magic
                                R - ring of poison resistance
                                o - ring of protection from magic

@: paralysed
A: almost no armour, stealthy swim, amphibious, 8 rings, constrict 8, slimy
green scales 1, camouflage 1, blurry vision 1, clarity, deterioration 1, frail
1, shaggy fur 1, gelatinous body 1, evolution 1, subdued magic 1
0: Orb of Zot
}: 3/15 runes: decaying, serpentine, silver
a: Berserk, Trog's Hand, Brothers in Arms, Renounce Religion


You were on level 2 of the Realm of Zot.
You worshipped Trog.
Trog was exalted by your worship.
You were not hungry.

You visited 8 branches of the dungeon, and saw 46 of its levels.
You also visited: Sewer, Gauntlet and Ice Cave.

You collected 8170 gold pieces.
You spent 4190 gold pieces at shops.

Inventory:

Missiles
 b - 8 silver boomerangs
 f - 16 javelins (quivered)
 n - 2 boomerangs of dispersal
 A - 115 poisoned darts
 C - 37 boomerangs
 G - 34 curare-tipped darts
 P - 31 silver javelins
Armour
 I - the +3 crown of Dyrovepreva (worn) {rElec Int+2 SInv}
   (You bought it in a shop on level 3 of the Snake Pit)

   It affects your intelligence (+2).
   It insulates you from electricity.
   It lets you see invisible.
 J - a +5 kite shield of protection (worn)
Jewellery
 j - a +4 ring of evasion (left tentacle)
 l - a ring of protection from cold (right tentacle)
 o - a ring of protection from magic (on tentacle)
 y - the amulet "Lofrytz" (around mantle) {Spirit rC+ Str+4}
   (You bought it in a shop on level 13 of the Dungeon)

   [amulet of guardian spirit]

   It causes incoming damage to be split between your health and magic.
   It affects your strength (+4).
   It protects you from cold.
 B - a ring of fire (on tentacle)
 F - a ring of fire (on tentacle)
 H - a ring of protection from magic (on tentacle)
 K - a +4 ring of protection
 R - a ring of poison resistance (on tentacle)
 S - a +4 ring of evasion (on tentacle)
 Z - a ring of the Octopus King {rCorr AC+1 EV+1 Str+1 Int+1 Dex+1}
   (You found it on level 1 of the Depths)

   [ring of resist corrosion]

   It affects your AC (+1).
   It affects your evasion (+1).
   It affects your strength (+1).
   It affects your intelligence (+1).
   It affects your dexterity (+1).
   It provides partial protection from all sources of acid and corrosion.
Wands
 c - a wand of disintegration (58)
 p - a wand of enslavement (19)
 D - a wand of acid (14)
 L - a wand of iceblast (34)
 M - a wand of flame (69)
 N - a wand of clouds (13)
 T - a wand of paralysis (23)
 Y - a wand of digging (6)
Scrolls
 g - 9 scrolls of enchant armour
 i - 11 scrolls of teleportation
 q - 25 scrolls of remove curse
 s - 6 scrolls of immolation
 E - 13 scrolls of fog
 O - 3 scrolls of silence
 Q - 8 scrolls of blinking
 U - 10 scrolls of fear
 V - 6 scrolls of summoning
 X - 2 scrolls of magic mapping
Potions
 k - 5 potions of haste
 m - 8 potions of flight
 r - a potion of might
 t - 3 potions of invisibility
 u - 3 potions of heal wounds
 v - 20 potions of mutation
 w - 2 potions of cancellation
 x - 18 potions of curing
Miscellaneous
 d - 6 phantom mirrors
 e - a phial of floods
Comestibles
 a - 54 rations


   Skills:
 * Level 25.7 Fighting
 * Level 17.6 Throwing
 + Level 25.4 Dodging
 - Level 11.0 Stealth
 - Level 15.0 Shields
 - Level 22.1 Unarmed Combat
 - Level 6.2 Evocations


You had 26 spell levels left.
You didn't know any spells.
Your spell library contained the following spells:

 Spells                   Type           Power        Failure   Level  Hunger
 Foxfire                  Conj/Fire      #...         32%         1    ##.....
 Freeze                   Ice            #...         32%         1    ##.....
 Frozen Ramparts          Ice            #.....       71%         3    ####...
 Ozocubu's Armour         Chrm/Ice       #.......     71%         3    ####...
 Cause Fear               Hex            #.........   98%         4    #####..
 Hailstorm                Conj/Ice       #.......     98%         4    #####..
 Summon Ice Beast         Ice/Summ       #.......     98%         4    #####..
 Irradiate                Conj/Tmut      #.........   100%        5    ######.
 Hydra Form               Tmut           #.........   100%        6    #######
 Statue Form              Tmut/Erth      #........    100%        6    #######
 Dragon Form              Tmut           #.........   100%        7    #######
 Dragon's Call            Summ           #.........   100%        9    #######


Dungeon Overview and Level Annotations

Branches:
Dungeon (15/15)            Temple (0/1) D:6            Lair (6/6) D:9
  Swamp (4/4) Lair:3        Snake (4/4) Lair:2        Slime (0/5) Lair:6
    Orc (2/2) D:10            Elf (0/3) Orc:2        Vaults (5/5) D:13
  Crypt (0/3) Vaults:3     Depths (5/5) D:15            Zot (5/5) Depths:5
  Sewer (visited)           IceCv (visited)         Gauntlet (visited)

Altars:
Dithmenos
Fedhas
Makhleb
Okawaru
Qazlal
Trog
Xom
Yredelemnul
Beogh
Jiyva

Shops:
D:11 %   D:13 =   D:15 ?   Orc:2 =:(*?   Snake:3 [*!   Snake:4 }=}   Vaults:2 [
Vaults:4 }

Portals:
Hell: Depths:1 Depths:2 Depths:3 Depths:4 Depths:5
Abyss: Depths:1 Depths:3 Depths:4 Depths:5
Pandemonium: Depths:3 Depths:5
Ziggurat: Depths:2

Annotations:
Lair:5 3 runed translucent doors, Lymetel's ghost, journeyman CeHu; Ribudoz's ghost, journeyman GnFi; kate's ghost, journeyman DsFi
Swamp:3 2 transporters, Thomus's ghost, adept HOFi
Snake:3 Vashnia


Innate Abilities, Weirdness & Mutations

You cannot wear most types of armour.
You are very stealthy in the water. (Stealth+)
You are amphibious.
You can wear up to eight rings at the same time.
You can use your tentacles to constrict eight enemies at once.
Your skin changes colour to match your surroundings (Stealth+).
Your rubbery body absorbs attacks. (AC +1, EV +1)
You are partially covered in slimy green scales. (AC +2)
Scrolls take you a little longer to read.
You possess an exceptional clarity of mind.
Your body sometimes deteriorates upon taking damage.
You are frail. (-10% HP)
You are covered in fur. (AC +1)
You evolve.
Your spells are a little easier to cast, but a little less powerful.


Message History

The Ice Fiend calls on the powers of darkness!
The floating eye convulses!
Your body is wracked with pain!
* * * LOW HITPOINT WARNING * * *
Your body deteriorates!
You feel weakened. The shadow demon hits you!
* * * LOW HITPOINT WARNING * * *
Your skin stops crawling.
You feel less resistant to hostile enchantments.
The lich touches you but does no damage.
The Ice Fiend calls on the powers of darkness!
The floating eye convulses!
Your body is wracked with pain!
* * * LOW HITPOINT WARNING * * *
The shadow demon hits you!
* * * LOW HITPOINT WARNING * * *
The floating eye gazes piercingly through you!
You shrug off the repeated paralysis!
The sixfirhy hits you.
* * * LOW HITPOINT WARNING * * *
The sixfirhy shocks you. You resist.
You die...

#.# #.##.#......# #.##
..###.##.#......# #..#
..(......#......# #..#
#.#####..#......###55#
#.# #..#.....3'1.3G# #.#
#..'.....1####.# #.#
##.#<.&...####'## #.#
#.##....2L.....# #.#
#^##...G3@.....# #.#
#..'...........#
#.######.##...........#
.........##......<....#
#.#####.###...........#
#.#####+###...........#
#.#......####+###'#####
#.#......####.#รท....!.#
#.#......'....#.......#


You could see Hunuul, an Ice Fiend (summoned), a lich (invisible), a shadow
demon, a sixfirhy (summoned), a neqoxec and a floating eye (summoned).

Vanquished Creatures
  6 orbs of fire
  10 ancient liches
  Mara (Depths:1)
  The ghost of Thomus the Executioner, a legendary HOFi of Okawaru (Zot:4)
  A caustic shrike (Depths:2)
  7 Killer Klowns
  2 curse toes
  A golden dragon (shapeshifter) (Depths:3)
  The ghost of Etzier the Peltast, an adept MiBe of Trog (Vaults:2)
  15 golden dragons
  2 bone dragons
  4 electric golems
  17 tentacled monstrosities
  2 liches
  25 Orb Guardians
  Asterion (Vaults:2)
  5 quicksilver dragons
  4 titans
  6 sphinxes
  7 death cobs
  Gastronok (D:8)
  Agnes (Lair:2)
  9 shadow dragons
  An ancient champion (Vaults:3)
  16 nagarajas
  8 storm dragons
  4 thorn hunters
  A sphinx (shapeshifter) (Depths:4)
  A shadow dragon (shapeshifter) (Depths:4)
  Kirke (Lair:4)
  9 tengu reavers
  8 draconian monks
  8 fire giants
  2 iron dragons
  15 frost giants
  4 draconian knights
  11 vault wardens
  Louise (Snake:1)
  5 draconian scorchers
  5 ghost moths
  4 draconian annihilators
  Aizul (Snake:4)
  A deep elf elementalist (Vaults:5)
  5 draconian stormcallers
  A ghoul (Vaults:3)
  9 ironheart preservers
  5 draconian shifters
  27 very ugly things
  3 spriggan defenders
  4 war gargoyles
  25 stone giants
  2 entropy weavers (Vaults:2)
  3 deep elf demonologists (Vaults:3)
  12 green draconians
  2 vampire knights
  9 white draconians
  11 yellow draconians
  8 black draconians
  A minotaur (Gauntlet)
  A spark wasp (shapeshifter) (D:15)
  8 purple draconians
  12 spark wasps
  13 red draconians
  9 ettins
  3 deep elf death magi
  9 crystal guardians (Depths:4)
  3 blizzard demons
  A small abomination (Vaults:4)
  9 fire dragons
  5 deep elf high priests
  Josephine (Lair:4)
  8 great orbs of eyes
  15 yaktaur captains
  13 ogre magi
  27 hydras
  28 vault guards
  12 rakshasas
  A quicksilver dragon skeleton (Vaults:5)
  A hydra (shapeshifter) (Depths:4)
  9 ice dragons
  2 ghost crabs
  8 anacondas
  12 naga warriors
  4 spriggan air magi
  3 death knights
  16 centaur warriors
  33 two-headed ogres
  A catoblepas (Lair:6)
  13 dancing weapons (Depths:4)
  5 death yaks (Lair:6)
  A queen ant (shapeshifter) (Depths:4)
  13 alligators
  7 tengu warriors
  A two-headed ogre (shapeshifter) (Depths:4)
  Urug (D:13)
  9 deep troll earth magi
  17 naga sharpshooters
  4 vampire magi
  Erica (D:8)
  14 deep troll shamans
  A titan zombie (Vaults:4)
  10 shock serpents
  7 spriggan berserkers
  A death yak (shapeshifter) (Depths:4)
  Sonja (D:10)
  8 hell knights (Depths:3)
  9 deep elf knights
  15 spriggans
  A fire crab (shapeshifter) (Vaults:5)
  5 shadow wraiths
  A soul eater (Depths:1)
  A storm dragon skeleton (Vaults:4)
  3 iron trolls
  6 salamander mystics
  3 unseen horrors
  A golden dragon zombie (Vaults:5)
  5 flayed ghosts
  7 glowing orange brains
  14 swamp dragons
  8 deep elf archers
  3 wizards
  A deep troll (shapeshifter) (Vaults:1)
  10 sea snakes
  3 spriggan druids
  2 naga ritualists (Snake:3)
  2 swamp dragons (shapeshifter) (Depths:3)
  27 deep trolls
  A lindwurm (Lair:6)
  5 obsidian statues
  A harpy (shapeshifter) (Depths:4)
  12 orc knights
  2 human zombies
  15 deep elf magi
  5 necromancers
  3 orc sorcerers
  3 phantasmal warriors
  8 mana vipers
  A tengu skeleton (Vaults:4)
  4 oklob plants
  11 ironbrand convokers
  7 manticores
  23 moths of wrath
  56 ugly things
  9 salamanders
  4 cyclopes
  Joseph (D:8)
  A frost giant zombie (Depths:1)
  15 vault sentinels
  17 elephants
  An elephant (shapeshifter) (Depths:4)
  3 black mambas (shapeshifter)
  A torpor snail (Gauntlet)
  36 black mambas
  4 guardian serpents
  A titan simulacrum (Vaults:5)
  11 spiny frogs
  4 molten gargoyles (Depths:4)
  A spiny frog (shapeshifter) (Vaults:5)
  29 naga magi
  4 gargoyles
  2 ice statues (IceCv)
  A rime drake (shapeshifter) (Vaults:1)
  2 rime drakes
  38 yaktaurs
  11 freezing wraiths
  3 efreet
  6 komodo dragons
  A human skeleton (Vaults:5)
  13 ice devils (IceCv)
  A red devil (Depths:1)
  6 tengu conjurers
  2 queen bees (shapeshifter)
  3 polar bears
  A jumping spider (Vaults:2)
  A troll (shapeshifter) (Depths:1)
  2 meliai (shapeshifter)
  2 jumping spiders (shapeshifter)
  5 wind drakes (Depths:4)
  4 trolls
  A wind drake (shapeshifter) (Depths:4)
  20 hornets
  7 tyrant leeches
  6 bog bodies
  A harpy skeleton (D:15)
  2 blink frogs (shapeshifter)
  34 slime creatures
  18 blink frogs
  A hippogriff (shapeshifter) (Vaults:1)
  10 hippogriffs
  10 flying skulls (Gauntlet)
  7 air elementals
  A tarantella (shapeshifter) (Vaults:3)
  6 redbacks (Vaults:2)
  6 water elementals
  2 shadows
  A yak (shapeshifter) (Vaults:4)
  3 hogs (Lair:4)
  3 fire elementals
  3 wyverns
  4 fire bats (Lair:2)
  72 yaks
  6 wraiths
  6 hungry ghosts
  2 humans
  4 basilisks
  A golden eye (shapeshifter) (Depths:4)
  A human (shapeshifter) (Vaults:5)
  18 vampire mosquitoes
  A yaktaur simulacrum (Depths:1)
  A human simulacrum (Vaults:3)
  14 swamp worms
  5 insubstantial wisps
  70 nagas
  8 wargs
  A hell hound (Depths:1)
  4 acid dragons
  A soldier ant (D:12)
  An acid dragon (shapeshifter) (Vaults:2)
  15 water moccasins
  27 orc warriors
  17 swamp drakes
  Duvessa (D:7)
  8 porcupines
  3 black bears
  7 necrophages (Swamp:1)
  A black bear (shapeshifter) (Depths:2)
  6 phantoms
  5 sky beasts
  5 ice beasts
  A tengu (shapeshifter) (Zot:3)
  51 ogres
  22 wolves
  3 boggarts (Depths:2)
  24 centaurs
  10 crocodiles
  3 big kobolds
  A bullfrog (shapeshifter) (Depths:4)
  12 bullfrogs
  12 earth elementals
  A water moccasin zombie (D:7)
  Dowan (D:7)
  A hornet simulacrum (Gauntlet)
  2 wyvern skeletons
  6 scorpions
  A water moccasin skeleton (D:8)
  A killer bee (D:12)
  16 wights
  10 electric eels
  A vampire bat (Lair:4)
  9 howler monkeys
  6 crimson imps
  4 quasits
  5 centaur zombies
  A gnoll shaman (D:5)
  2 bullfrog zombies
  5 jellies
  Crazy Yiuf (D:4)
  10 orc priests
  4 hounds
  19 orc wizards
  2 bullfrog skeletons
  4 iguanas
  4 centaur skeletons
  Terence (D:3)
  12 worker ants
  A shapeshifter simulacrum (Depths:1)
  A bullfrog simulacrum (Gauntlet)
  5 centaur simulacra
  A hound zombie (D:5)
  A hound skeleton (D:5)
  2 worker ant zombies
  4 gnolls
  11 adders
  A river rat (Sewer)
  4 shadow imps
  5 white imps (IceCv)
  10 ufetubi (IceCv)
  A worm (D:5)
  A worm (shapeshifter) (Depths:4)
  10 dart slugs
  7 leopard geckos
  68 orcs
  A ball python (D:4)
  9 giant cockroaches
  6 goblins
  7 hobgoblins
  8 jackals
  25 kobolds
  7 quokkas
  18 bats
  6 frilled lizards
  A leopard gecko zombie (D:8)
  16 rats
  6 fungi
  3 plants
2244 creatures vanquished.

Vanquished Creatures (collateral kills)
  Xtahua (Depths:4)
  A nagaraja (Snake:3)
  A dart slug (D:6)
3 creatures vanquished.

Vanquished Creatures (others)
  An ice dragon (Depths:2)
  A glowing orange brain (Depths:4)
  An ironbrand convoker (Vaults:4)
  A mana viper (Snake:4)
  A vault sentinel (Vaults:5)
  A hornet (Swamp:2)
  2 slime creatures (Vaults:2)
  An air elemental (Depths:4)
  Sigmund (D:3)
  A golden eye (shapeshifter) (Depths:4)
  An insubstantial wisp (Swamp:3)
  A worker ant (shapeshifter) (Depths:4)
  A white imp (IceCv)
  2 ufetubi (IceCv)
  9 ball lightnings (Depths:4)
  2 briar patches (Swamp:4)
  A demonic plant (Gauntlet)
  13 fungi
  42 plants
83 creatures vanquished.

Grand Total: 2330 creatures vanquished

Notes
Turn   | Place    | Note
-------+----------+-------------------------------------------
     0 | D:1      | Froggeryz the Octopode Berserker began the quest for the
                  | Orb.
     0 | D:1      | Reached XP level 1. HP: 16/16 MP: 1/1
   173 | D:1      | Reached skill level 1 in Stealth
   173 | D:1      | Reached XP level 2. HP: 20/21 MP: 2/2
   383 | D:1      | Reached XP level 3. HP: 26/26 MP: 3/3
   642 | D:1      | Reached ** piety under Trog
  1318 | D:2      | Reached XP level 4. HP: 31/31 MP: 4/4
  1351 | D:2      | Found an iron altar of Okawaru.
  1915 | D:3      | Noticed Sigmund
  1940 | D:3      | Killed Sigmund
  1940 | D:3      | Reached skill level 1 in Shields
  1940 | D:3      | Reached XP level 5. HP: 18/37 MP: 5/5
  2448 | D:3      | Reached skill level 5 in Unarmed Combat
  2524 | D:3      | Reached XP level 6. HP: 43/43 MP: 6/6
  2875 | D:3      | Noticed Terence
  2879 | D:3      | Killed Terence
  3061 | D:4      | Reached *** piety under Trog
  3081 | D:4      | Got a bloodstained dagger
  3087 | D:4      | Found a blossoming altar of Fedhas.
  3140 | D:4      | Reached XP level 7. HP: 49/49 MP: 7/7
  3299 | D:4      | Found a glowing drain.
  3307 | Sewer    | Entered a sewer
  3539 | Sewer    | Found a white marble altar of Elyvilon.
  3622 | D:4      | Noticed a fire elemental
  3623 | D:4      | Found a stormy altar of Qazlal.
  3624 | D:4      | Noticed a water elemental
  3645 | D:4      | Noticed an air elemental
  3864 | D:4      | Found a basalt altar of Yredelemnul.
  3893 | D:4      | Found a runed translucent door.
  3894 | D:4      | Noticed Crazy Yiuf
  3900 | D:4      | Killed Crazy Yiuf
  3965 | D:4      | Identified the +4 dagger of the Evening {protect, +Fly
                  | rElec rC- rN+} (You found it on level 4 of the Dungeon)
  3967 | D:5      | Entered Level 5 of the Dungeon
  4340 | D:5      | Reached skill level 5 in Fighting
  4723 | D:5      | Reached **** piety under Trog
  4736 | D:5      | Reached XP level 8. HP: 18/55 MP: 8/8
  5088 | D:5      | Reached skill level 1 in Throwing
  5091 | D:5      | Found a burning altar of Makhleb.
  6152 | D:6      | Found a staircase to the Ecumenical Temple.
  6674 | D:6      | Found a shadowy altar of Dithmenos.
  6674 | D:6      | Found a bloodstained altar of Trog.
  7012 | D:7      | Reached XP level 9. HP: 55/61 MP: 9/9
  7253 | D:7      | Noticed Duvessa
  7253 | D:7      | Noticed Dowan
  7262 | D:7      | Killed Duvessa
  7269 | D:7      | Killed Dowan
  7800 | D:8      | Noticed Gastronok
  7818 | D:8      | Killed Gastronok
  7818 | D:8      | Reached XP level 10. HP: 66/66 MP: 10/10
  7869 | D:8      | Reached ***** piety under Trog
  8153 | D:8      | Noticed Erica
  8158 | D:8      | Killed Erica
  8582 | D:8      | Noticed Joseph
  8590 | D:8      | Killed Joseph
  8837 | D:9      | Noticed a two-headed ogre
  8849 | D:9      | Killed a two-headed ogre
  8851 | D:9      | Reached XP level 11. HP: 72/72 MP: 11/11
  8858 | D:9      | Received a gift from Trog
  9036 | D:9      | Noticed a two-headed ogre
  9048 | D:9      | Killed a two-headed ogre
  9341 | D:9      | Noticed a four-headed hydra
  9350 | D:9      | HP: 4/108 [four-headed hydra (4)]
  9351 | D:9      | Killed a four-headed hydra
  9787 | D:9      | Found a staircase to the Lair.
  9877 | D:9      | Noticed a two-headed ogre
  9885 | D:9      | Killed a two-headed ogre
 10391 | Lair:1   | Entered Level 1 of the Lair of Beasts
 12060 | Lair:1   | Reached XP level 12. HP: 27/81 MP: 12/12
 12743 | Lair:2   | Reached skill level 5 in Stealth
 14264 | Lair:2   | Found a staircase to the Snake Pit.
 16087 | Lair:3   | Reached skill level 15 in Unarmed Combat
 16331 | Lair:3   | Found a staircase to the Swamp.
 16482 | Lair:3   | Reached skill level 10 in Stealth
 16518 | Lair:3   | Reached XP level 13. HP: 73/89 MP: 13/13
 16786 | Lair:3   | Identified a scroll of acquirement
 16788 | Lair:3   | Acquired 1150 gold pieces
 16993 | Lair:4   | Noticed Josephine
 17017 | Lair:4   | Killed Josephine
 17224 | Lair:4   | Noticed Kirke
 17465 | Lair:4   | Killed Kirke
 18643 | Lair:5   | Reached skill level 5 in Dodging
 19990 | Lair:5   | Found a runed translucent gate.
 19990 | Lair:5   | Found a runed translucent gate.
 19990 | Lair:5   | Found a runed translucent gate.
 19994 | Lair:5   | Noticed kate's ghost (journeyman DsFi)
 19994 | Lair:5   | Noticed Ribudoz's ghost (journeyman GnFi)
 19995 | Lair:5   | Noticed Lymetel's ghost (journeyman CeHu)
 20318 | Lair:6   | Entered Level 6 of the Lair of Beasts
 20327 | Lair:5   | Received a gift from Trog
 21089 | Lair:6   | Found a viscous altar of Jiyva.
 21151 | Lair:6   | Found a staircase to the Slime Pits.
 21294 | Lair:6   | Reached XP level 14. HP: 84/98 MP: 14/14
 21952 | Lair:6   | Reached skill level 10 in Fighting
 22180 | Lair:6   | Received a gift from Trog
 23697 | D:10     | Entered Level 10 of the Dungeon
 23703 | D:10     | Found a staircase to the Orcish Mines.
 23905 | D:10     | Noticed Sonja
 23917 | D:10     | Killed Sonja
 25056 | D:11     | Found Igenez's Food Emporium.
 25184 | D:11     | Reached skill level 1 in Evocations
 26209 | D:12     | Received a gift from Trog
 26457 | D:12     | Reached XP level 15. HP: 58/105 MP: 16/16
 26704 | D:12     | Found a shimmering altar of Xom.
 27643 | D:12     | Reached skill level 10 in Dodging
 28333 | D:13     | Found a gate leading to a gauntlet.
 28342 | Gauntlet | Entered a Gauntlet
 28342 | Gauntlet | Found a transporter.
 28342 | Gauntlet | Found a transporter.
 28378 | Gauntlet | Found a runed translucent door.
 28381 | Gauntlet | Found a transporter.
 28397 | Gauntlet | Found a transporter.
 28397 | Gauntlet | Found a transporter.
 28397 | Gauntlet | Found a transporter.
 28399 | Gauntlet | Found a transporter.
 28399 | Gauntlet | Found a transporter.
 28411 | Gauntlet | Found a transporter.
 28427 | Gauntlet | Found a transporter.
 28437 | Gauntlet | Found a transporter.
 28451 | Gauntlet | Found a transporter.
 28472 | Gauntlet | Found a transporter.
 28487 | Gauntlet | Found a transporter.
 28983 | Gauntlet | Got a jewelled hat
 28985 | Gauntlet | Identified the cursed +0 hat of the Nexus {rElec rC+ rN++
                  | Str+2} (You found it in a Gauntlet)
 29103 | Gauntlet | Got a polished shortbow
 29192 | Gauntlet | Got a twisted whip
 29442 | D:13     | Noticed Urug
 29469 | D:13     | Killed Urug
 29593 | D:13     | Found Colej's Jewellery Emporium.
 29608 | D:13     | Bought an uncursed ring of resist corrosion for 280 gold
                  | pieces
 29608 | D:13     | Bought the amulet "Lofrytz" {Spirit rC+ Str+4} for 733 gold
                  | pieces
 29608 | D:13     | Bought an uncursed amulet of regeneration for 420 gold
                  | pieces
 29792 | D:13     | Found a gate to the Vaults.
 30230 | D:14     | Received a gift from Trog
 31216 | D:15     | Entered Level 15 of the Dungeon
 31404 | D:15     | Reached skill level 5 in Evocations
 31741 | D:15     | Found a staircase to the Depths.
 31789 | D:15     | HP: 4/107 [two-headed ogre/+0 giant spiked club (16)]
 32402 | D:15     | Reached XP level 16. HP: 114/114 MP: 20/20
 32678 | D:15     | Found Bual's Magic Scroll Emporium.
 32690 | D:15     | Bought a scroll of teleportation for 30 gold pieces
 32690 | D:15     | Bought a scroll of enchant armour for 75 gold pieces
 32690 | D:15     | Bought a scroll of remove curse for 30 gold pieces
 32690 | D:15     | Bought a scroll of teleportation for 30 gold pieces
 32690 | D:15     | Bought a scroll of enchant armour for 75 gold pieces
 32690 | D:15     | Bought a scroll of remove curse for 30 gold pieces
 33047 | Orc:1    | Entered Level 1 of the Orcish Mines
 33133 | Orc:1    | Reached ****** piety under Trog
 33230 | Orc:1    | Found a roughly hewn altar of Beogh.
 33712 | Orc:2    | Entered Level 2 of the Orcish Mines
 33769 | Orc:2    | Found Veoddierr's Magic Scroll Shop.
 33858 | Orc:2    | Bought a scroll of teleportation for 42 gold pieces
 33858 | Orc:2    | Bought a scroll of summoning for 133 gold pieces
 33858 | Orc:2    | Bought a scroll of summoning for 133 gold pieces
 33858 | Orc:2    | Bought a scroll of fog for 28 gold pieces
 33858 | Orc:2    | Bought a scroll of blinking for 105 gold pieces
 33858 | Orc:2    | Bought a scroll of teleportation for 42 gold pieces
 33858 | Orc:2    | Bought a scroll of remove curse for 42 gold pieces
 33893 | Orc:2    | Received a gift from Trog
 33901 | Orc:2    | Reached skill level 5 in Shields
 33951 | Orc:2    | Found Reser's Jewellery Shoppe.
 33951 | Orc:2    | Found Les Tarph's Weapon Boutique.
 33952 | Orc:2    | Found Jyhaoc's Book Boutique.
 33952 | Orc:2    | Found Kaazien's General Store.
 34066 | Orc:2    | Bought a cursed amulet of inaccuracy for 26 gold pieces
 34265 | Orc:2    | Found a staircase to the Elven Halls.
 34706 | Swamp:1  | Entered Level 1 of the Swamp
 35047 | Swamp:1  | Received a gift from Trog
 36271 | Swamp:2  | Got a scintillating golden amulet
 37401 | Swamp:2  | Noticed a thorn hunter
 37410 | Swamp:2  | Killed a thorn hunter
 37846 | Swamp:3  | Found a transporter.
 37850 | Swamp:3  | Noticed Thomus's ghost (adept HOFi)
 37902 | Swamp:3  | Found a transporter.
 37921 | Swamp:3  | Reached XP level 17. HP: 59/122 MP: 11/21
 38014 | Swamp:3  | Identified the amulet of Ixzem {Regen+ Stlth+} (You found
                  | it on level 2 of the Swamp)
 38441 | Swamp:3  | Found a basalt altar of Yredelemnul.
 38730 | Swamp:3  | Received a gift from Trog
 39128 | Swamp:3  | Identified the cursed +1 hunting sling of the Pit {speed,
                  | +Inv rPois rF+ rC+} (You found it on level 3 of the Swamp)
 39266 | Swamp:4  | Entered Level 4 of the Swamp
 42395 | Swamp:4  | Got a decaying rune of Zot
 42559 | Snake:1  | Entered Level 1 of the Snake Pit
 42625 | Snake:1  | Noticed Agnes
 42638 | Lair:2   | Killed Agnes
 42697 | Snake:1  | Noticed Louise
 42702 | Snake:1  | Reached skill level 10 in Shields
 43020 | Snake:1  | Killed Louise
 43770 | Snake:1  | Received a gift from Trog
 43845 | Snake:1  | Reached XP level 18. HP: 100/132 MP: 16/22
 46573 | Snake:3  | Reached skill level 15 in Fighting
 46593 | Snake:3  | Found Amail's Distillery.
 46593 | Snake:3  | Found Jydoqadgh's General Store.
 46594 | Snake:3  | Found Xinn's Antique Armour Shoppe.
 46635 | Snake:3  | Bought the +3 crown of Dyrovepreva {rElec Int+2 SInv} for
                  | 1242 gold pieces
 46635 | Snake:3  | Found the +3 crown of Dyrovepreva {rElec Int+2 SInv}
 46754 | Snake:3  | Bought a potion of curing for 42 gold pieces
 46754 | Snake:3  | Bought a potion of curing for 42 gold pieces
 46754 | Snake:3  | Bought a potion of haste for 140 gold pieces
 46754 | Snake:3  | Bought a potion of heal wounds for 70 gold pieces
 46976 | Snake:3  | Received a gift from Trog
 47123 | Snake:3  | Found a frozen archway.
 47129 | IceCv    | Entered an ice cave
 47514 | IceCv    | Found the +0 pair of fencer's gloves {Riposte Dex+3}
 48416 | Snake:3  | Noticed Vashnia
 48561 | Snake:4  | Entered Level 4 of the Snake Pit
 48983 | Snake:3  | Received a gift from Trog
 49389 | Snake:4  | Noticed Aizul
 49453 | Snake:4  | Found a basalt altar of Yredelemnul.
 49628 | Snake:4  | Reached XP level 19. HP: 139/141 MP: 21/23
 49806 | Snake:4  | Killed Aizul
 52353 | Snake:4  | Found Saugapn's Gadget Emporium.
 52353 | Snake:4  | Found Duiwofiq's Jewellery Shop.
 52354 | Snake:4  | Found Lajen's Gadget Emporium.
 52419 | Snake:4  | Bought a phial of floods for 400 gold pieces
 52440 | Snake:4  | Received a gift from Trog
 53396 | Snake:4  | Got a serpentine rune of Zot
 53715 | Depths:1 | Entered Level 1 of the Depths
 54636 | Depths:1 | Noticed Mara
 54730 | Depths:1 | Killed Mara
 54730 | Depths:1 | Reached XP level 20. HP: 150/150 MP: 24/24
 55646 | Depths:1 | Received a gift from Trog
 55711 | Depths:1 | Found a bloodstained altar of Trog.
 55739 | Depths:1 | Found the ring of the Octopus King
 55746 | Depths:1 | Identified a ring of the Octopus King {rCorr AC+1 EV+1
                  | Str+1 Int+1 Dex+1} (You found it on level 1 of the Depths)
 55785 | Depths:1 | Found a one-way gate to the infinite horrors of the Abyss.
 55828 | Depths:1 | Found a gateway to Hell.
 56634 | Depths:2 | Found a gateway to a ziggurat.
 57617 | Depths:2 | Received a gift from Trog
 58921 | Depths:2 | Reached skill level 15 in Shields
 59013 | Depths:2 | Reached XP level 21. HP: 119/158 MP: 19/25
 59881 | Depths:3 | Received a gift from Trog
 60241 | Depths:3 | Noticed a caustic shrike
 60434 | Depths:2 | Killed a caustic shrike
 62499 | Depths:2 | Received a gift from Trog
 62575 | Depths:3 | Identified the ring of Truth {*Corrode rPois rF+ Str+6
                  | Dex-3}
 63621 | Depths:3 | Reached XP level 22. HP: 113/167 MP: 20/26
 63977 | Depths:3 | You fall into a shaft and drop 2 floors!
 63977 | Depths:5 | Entered Level 5 of the Depths
 64042 | Depths:5 | Reached skill level 15 in Dodging
 64395 | Depths:5 | Found a one-way gate leading to the halls of Pandemonium.
 64424 | Depths:5 | Received a gift from Trog
 64782 | Depths:3 | Noticed a golden dragon
 64782 | Depths:3 | a sphinx changed into a golden dragon
 64786 | Depths:3 | Killed a golden dragon
 65415 | Depths:4 | Noticed Xtahua
 65459 | Depths:4 | Paralysed by Xtahua for 4 turns
 65461 | Depths:4 | Killed Xtahua
 66025 | Depths:4 | Received a gift from Trog
 66326 | Depths:4 | Got a steaming turquoise ring
 66333 | Depths:4 | Identified the ring "Fepn" {Ice rN+++ MP-9 Str-4 SInv} (You
                  | found it on level 4 of the Depths)
 67624 | Depths:5 | Reached XP level 23. HP: 176/176 MP: 27/27
 67703 | Depths:5 | Noticed a golden dragon
 67712 | Depths:5 | Killed a golden dragon
 68060 | Depths:5 | Noticed a golden dragon
 68284 | Depths:5 | Found a gate to the Realm of Zot.
 68695 | Vaults:1 | Entered Level 1 of the Vaults
 69324 | Vaults:1 | Received a gift from Trog
 69520 | Vaults:1 | Acquired a manual of Dodging
 70442 | Vaults:2 | Noticed Asterion
 70459 | Vaults:2 | Killed Asterion
 70685 | Vaults:2 | Received a gift from Trog
 70715 | Vaults:2 | Found a runed translucent door.
 70919 | Vaults:2 | Found the +3 Elemental Staff {rElec rF++ rC++ MR++ AC+5}
 71011 | Vaults:2 | Found Miwnuh's Armour Shoppe.
 71195 | Vaults:2 | Received a gift from Trog
 72000 | Vaults:2 | Noticed Etzier's ghost (adept MiBe)
 72039 | Vaults:2 | Killed Etzier's ghost
 72039 | Vaults:2 | Reached XP level 24. HP: 68/185 MP: 13/27
 72499 | Vaults:3 | Received a gift from Trog
 72538 | Vaults:3 | Found a staircase to the Crypt.
 73245 | Vaults:3 | Received a gift from Trog
 74606 | Vaults:4 | Found Beni's Gadget Boutique.
 74900 | Vaults:5 | Entered Level 5 of the Vaults
 75503 | Vaults:5 | Noticed an ancient lich
 76026 | Vaults:4 | Killed an ancient lich
 76026 | Vaults:4 | Received a gift from Trog
 76282 | Vaults:4 | Reached XP level 25. HP: 142/193 MP: 23/27
 76413 | Vaults:5 | Noticed an ancient lich
 76673 | Vaults:5 | Killed an ancient lich
 77901 | Vaults:5 | Identified the +8 demon trident "Xoujop" {elec, *Slow +Fly
                  | Str+4 Dex+5}
 77901 | Vaults:5 | Identified the cursed +0 robe "Fawecw" {rC+ Stlth+}
 78114 | Vaults:5 | Received a gift from Trog
 78480 | Vaults:5 | Got a silver rune of Zot
 79780 | Zot:1    | Entered Level 1 of the Realm of Zot
 79843 | Zot:1    | Noticed an orb of fire
 79861 | Zot:1    | Gained mutation: You are partially covered in slimy green
                  | scales. (AC +2) [an orb of fire]
 79862 | Zot:1    | Gained mutation: You are clumsy. (Dex -2) [an orb of fire]
 79864 | Zot:1    | Killed an orb of fire
 80039 | Zot:1    | Reached XP level 26. HP: 157/203 MP: 21/27
 80217 | Zot:1    | Reached skill level 10 in Throwing
 81071 | Zot:1    | Gained mutation: You do not regenerate when monsters are
                  | visible. [mutagenic glow]
 81125 | Zot:1    | Gained mutation: You are frail. (-10% HP) [mutagenic glow]
 81174 | Zot:1    | Gained mutation: You are very frail. (-20% HP) [mutagenic
                  | glow]
 81175 | Zot:1    | Lost mutation: You are very frail. (-20% HP) [potion of
                  | mutation]
 81175 | Zot:1    | Lost mutation: You are clumsy. (Dex -2) [potion of
                  | mutation]
 81175 | Zot:1    | Lost mutation: You are frail. (-10% HP) [potion of
                  | mutation]
 81175 | Zot:1    | Lost mutation: You do not regenerate when monsters are
                  | visible. [potion of mutation]
 81175 | Zot:1    | Gained mutation: Your body sometimes deteriorates upon
                  | taking damage. [potion of mutation]
 81175 | Zot:1    | Gained mutation: You expend magic power (3 MP) to
                  | strengthen your wands. [potion of mutation]
 81717 | Zot:2    | Got a translucent silver ring
 81724 | Zot:2    | Identified the ring "Vomouss" {rElec MP+9 Str-5 Int+2
                  | Dex+3} (You found it on level 2 of the Realm of Zot)
 82295 | Zot:2    | Received a gift from Trog
 84202 | Zot:3    | Noticed a Killer Klown
 84210 | Zot:3    | Killed a Killer Klown
 84289 | Zot:3    | Noticed a Killer Klown
 84464 | Zot:2    | Killed a Killer Klown
 85109 | Zot:3    | Reached XP level 27. HP: 202/212 MP: 14/27
 86122 | Zot:4    | Found a runed translucent door.
 86128 | Zot:4    | Noticed Thomus's ghost (legendary HOFi)
 86154 | Zot:4    | Killed Thomus's ghost
 86297 | Zot:4    | Received a gift from Trog
 87143 | Zot:5    | Entered Level 5 of the Realm of Zot
 88257 | Zot:5    | Noticed an orb of fire
 88462 | Zot:5    | Noticed an orb of fire
 88464 | Zot:5    | Noticed an orb of fire
 88524 | Zot:5    | Gained mutation: You are frail. (-10% HP) [an orb of fire]
 88532 | Zot:5    | Gained mutation: You are weak. (Str -2) [an orb of fire]
 88533 | Zot:5    | Gained mutation: Your magical capacity is low. (-10% MP)
                  | [an orb of fire]
 88534 | Zot:5    | Gained mutation: You occasionally shout uncontrollably at
                  | your foes. [an orb of fire]
 88535 | Zot:5    | Gained mutation: You are clumsy. (Dex -2) [an orb of fire]
 88537 | Zot:5    | Killed an orb of fire
 88543 | Zot:5    | Killed an orb of fire
 88543 | Zot:5    | Reached skill level 15 in Throwing
 88627 | Zot:4    | Lost mutation: You expend magic power (3 MP) to strengthen
                  | your wands. [potion of mutation]
 88627 | Zot:4    | Lost mutation: You are weak. (Str -2) [potion of mutation]
 88627 | Zot:4    | Lost mutation: You are clumsy. (Dex -2) [potion of
                  | mutation]
 88627 | Zot:4    | Gained mutation: You are agile. (Dex +2) [potion of
                  | mutation]
 88627 | Zot:4    | Gained mutation: Your muscles are strong. (Str +2) [potion
                  | of mutation]
 88627 | Zot:4    | Gained mutation: You evolve. [potion of mutation]
 88628 | Zot:4    | Lost mutation: You are frail. (-10% HP) [potion of
                  | mutation]
 88628 | Zot:4    | Lost mutation: Your magical capacity is low. (-10% MP)
                  | [potion of mutation]
 88628 | Zot:4    | Lost mutation: Your body sometimes deteriorates upon taking
                  | damage. [potion of mutation]
 88628 | Zot:4    | Lost mutation: You occasionally shout uncontrollably at
                  | your foes. [potion of mutation]
 88628 | Zot:4    | Gained mutation: You possess an exceptional clarity of
                  | mind. [potion of mutation]
 88628 | Zot:4    | Lost mutation: You possess an exceptional clarity of mind.
                  | [potion of mutation]
 88628 | Zot:4    | Gained mutation: You possess an exceptional clarity of
                  | mind. [potion of mutation]
 88628 | Zot:4    | Gained mutation: You are covered in fur. (AC +1) [potion of
                  | mutation]
 88673 | Zot:5    | Lost mutation: You are agile. (Dex +2) [an orb of fire]
 88679 | Zot:5    | Gained mutation: Scrolls take you a little longer to read.
                  | [an orb of fire]
 88681 | Zot:5    | Killed an orb of fire
 88968 | Zot:4    | Lost mutation: Scrolls take you a little longer to read.
                  | [evolution]
 89110 | Zot:5    | Noticed an ancient lich
 89115 | Zot:5    | Noticed an ancient lich
 89119 | Zot:5    | Killed an ancient lich
 89123 | Zot:5    | Noticed an orb of fire
 89129 | Zot:5    | Noticed an ancient lich
 89141 | Zot:4    | Killed an ancient lich
 89340 | Zot:5    | Gained mutation: Your spells are a little easier to cast,
                  | but a little less powerful. [an orb of fire]
 89341 | Zot:5    | Gained mutation: You are frail. (-10% HP) [an orb of fire]
 89352 | Zot:5    | Gained mutation: Your body sometimes deteriorates upon
                  | taking damage. [an orb of fire]
 89354 | Zot:4    | Lost mutation: Your muscles are strong. (Str +2) [an orb of
                  | fire]
 89357 | Zot:4    | Gained mutation: Scrolls take you a little longer to read.
                  | [an orb of fire]
 89358 | Zot:4    | Killed an orb of fire
 89404 | Zot:5    | Killed an ancient lich
 89447 | Zot:5    | Noticed an ancient lich
 89451 | Zot:5    | Noticed an orb of fire
 89451 | Zot:5    | Noticed an ancient lich
 89620 | Zot:4    | Lost mutation: You are frail. (-10% HP) [an orb of fire]
 89632 | Zot:4    | Killed an orb of fire
 89797 | Zot:4    | Killed an ancient lich
 89862 | Zot:5    | Noticed an ancient lich
 89866 | Zot:5    | Noticed an ancient lich
 90018 | Zot:5    | Killed an ancient lich
 90018 | Zot:5    | Received a gift from Trog
 90023 | Zot:5    | Killed an ancient lich
 90059 | Zot:5    | Killed an ancient lich
 90119 | Zot:5    | Noticed an ancient lich
 90129 | Zot:5    | Killed an ancient lich
 90782 | Zot:5    | Got the Orb of Zot
 90827 | Zot:5    | Noticed Reungeli the pandemonium lord
 90875 | Zot:2    | Noticed Hunuul the pandemonium lord
 90882 | Zot:2    | Paralysed by a floating eye for 3 turns
 90892 | Zot:2    | Gained mutation: You are frail. (-10% HP) [a shining eye]
 90906 | Zot:2    | Paralysed by a floating eye for 4 turns
 90908 | Zot:2    | HP: 2/197 [shadow demon (13)]
 90909 | Zot:2    | Slain by a sixfirhy

Illustrated notes

Levels and vault maps discovered:
D:1:      psy_arrival_whirlpool, layout_basic
D:2:      layout_loops_corners, nicolae_overflow_crystal_walls
D:3:      layout_loops_ring, uniq_sigmund, uniq_terence
D:4:      layout_basic, kennysheep_mini_moat, fedhas_altar_4,
          portal_sewer_entry_b, nicolae_qazlal_style_of_elements,
          uniq_crazy_yiuf_cottage
D:5:      layout_rooms, old_standard_altar, first_ration
D:6:      kennysheep_slugbush, layout_basic, gammafunk_temple_overflow_elements,
          minmay_temple_entry_stoned_glass, kennysheep_generic_room_2
D:7:      layout_loops_ring, uniq_duvessa
D:8:      layout_loops_cross, minmay_microvault, uniq_erica, uniq_joseph,
          uniq_gastronok
D:9:      layout_loops_ring, david_lair_generic
D:10:     layout_basic, orc_0_dummy, serial_rivers,
          chequers_serial_rivers_marsh, chequers_serial_rivers_small_3,
          chequers_serial_rivers_marsh, chequers_serial_rivers_micro_b,
          chequers_serial_rivers_micro_d, uniq_sonja
D:11:     layout_cave_pods, serial_shops, shop
D:12:     minmay_slanted_spiral_squares, layout_basic, basic_altar,
          grunt_pizzeria, pond
D:13:     layout_irregular_city, david_vaults_4, gauntlet_entry_generic,
          serial_shops, shop, uniq_urug
D:14:     layout_cave_pods
D:15:     hangedman_depths_entry_civil_slaughter, layout_basic, chequers_garden,
          serial_shops, nicolae_shop_trees, minmay_fractal_squares_diagonal_5
Lair:1:   layout_cellular_growth, st_stairs_4, grunt_megastairs_1,
          infiniplex_staircase_pool, serial_bayou_shore_a
Lair:2:   layout_gridlike, dummy_snake_entry, grunt_forest_small_clearings,
          serial_bayou_pond_d, fungi_pond_lemuel, hibernation_bobbens
Lair:3:   layout_regular_city, swamp_mist, minivault_19,
          infiniplex_staircase_pool_2, minmay_lair_oklob_chamber
Lair:4:   layout_cave_pods, roderic_batcave, grunt_megastairs_2,
          lemuel_fruit_fields, uniq_josephine, uniq_kirke
Lair:5:   layout_loops_ring, gammafunk_ghost_cemetery
Lair:6:   grunt_lair_end_beastmaster, layout_long_grid, slime_altar_1,
          chequers_serial_rivers_micro_c
Swamp:1:  layout_falls_marsh, nicolae_swamp_feature_on_the_river_bank,
          swamp_pool1, roderic_carrion_pond
Swamp:2:  layout_falls_marsh, evilmike_swamp_ruin_rubble_2, swamp_pool2,
          hangedman_swamp_dais
Swamp:3:  layout_basic_swamp, gammafunk_ghost_berserking_beasts,
          lemuel_altar_in_water
Swamp:4:  swamp_basic_johnstein, layout_basic_swamp
Snake:1:  nicolae_snake_hallway, layout_basic, serial_bayou_lagoon_b,
          uniq_agnes, uniq_louise
Snake:2:  layout_rooms, st_stairs_6, serial_bayou_shore_b, serial_bayou_shore_b,
          lemuel_fruit_tree
Snake:3:  layout_onion, portal_ice_cave_entry_pillars_1, minmay_shop_star,
          uniq_vashnia
Snake:4:  grunt_snake_rune_pools, layout_misc_corridors, basic_altar,
          nrook_loot_triangle, minmay_shop_grove, uniq_aizul
Orc:1:    layout_caves, mines1_david
Orc:2:    st_orc_ogre_mass, layout_diamond_mine, serial_shops, shop, rock_pile
Vaults:1: v_pattern_3, nicolae_vaults_network_square, nicolae_vaults_triangles,
          vaults_standard_mumra_x, nicolae_vaults_big_ls,
          vaults_room_glass_cross, vaults_standard_mumra_enter_the_diamond,
          v_alt_pattern_4, v_misc_22, nicolae_vaults_little_ls,
          ontoclasm_vaults_shuriken, vaults_dpeg_hooks, layout_vaults_omnicross
Vaults:2: ebering_vaults_ghost_reflecting_pool, ontoclasm_vaults_gateway,
          v_misc_18, vaults_dpeg_diagonal, v_misc_12, v_alt_pattern_5,
          nicolae_vaults_bisected_exclaves, vaults_room_boxed,
          nicolae_vaults_mini_display_case, ontoclasm_vaults_decontamination,
          grunt_vaults_bifocal, layout_vaults_omnibox, serial_shops,
          nicolae_shop_behind_doors, uniq_asterion
Vaults:3: nicolae_vaults_octagons, ontoclasm_vaults_hangar,
          vaults_room_grunt_arrival_checkpoint, ontoclasm_vaults_eye,
          minmay_crypt_entry_simple_statues, nicolae_vaults_rhombus_7,
          vaults_dpeg_ring, v_alt_pattern_2, v_misc_15, vaults_room_grid,
          v_misc_4, layout_vaults_maze
Vaults:4: hangedman_vaults_corner, v_misc_4, ontoclasm_vaults_ring_large,
          nicolae_vaults_angled_halls, vaults_room_grid,
          nicolae_vaults_display_case, nicolae_vaults_little_squares_4,
          vaults_room_stairs_pillars, dpeg_vaults_monster_box,
          layout_vaults_omnigrid, serial_shops, nicolae_shop_behind_doors
Vaults:5
Depths:1: layout_gridville, hellmouth_1, abyss_entry, minmay_statues_item,
          serial_bayou_pond_c, evilmike_spriggan_trog_shrine, uniq_mara
Depths:2: kennysheep_ambush_hall, layout_gridlike, enter_ziggurat_b,
          minmay_misc_feat_x, grunt_hell_entry_dis_grunt,
          infiniplex_staircase_zigzag_1
Depths:3: minmay_the_grid_square_5x5_5x5_mashed
          [minmay_the_grid_square_5x5_bridge,
          minmay_the_grid_square_5x5_bracketed,
          minmay_the_grid_square_5x5_intrusive_squares,
          minmay_the_grid_square_5x5_inverted_slash,
          minmay_the_grid_square_5x5_one_wall,
          minmay_the_grid_square_5x5_checkered_statues,
          minmay_the_grid_square_5x5_prize_rear_guard,
          minmay_the_grid_square_5x5_inner_i,
          minmay_the_grid_square_5x5_prize_pseudospiral,
          minmay_the_grid_square_5x5_v, minmay_the_grid_square_5x5_c,
          minmay_the_grid_square_5x5_spiral_small,
          minmay_the_grid_square_5x5_prize_monsterx,
          minmay_the_grid_square_5x5_two,
          minmay_the_grid_square_5x5_doubleslash,
          minmay_the_grid_square_5x5_tie, minmay_the_grid_square_5x5_prize_open,
          minmay_the_grid_square_5x5_half_checkered,
          minmay_the_grid_square_5x5_prize_waves,
          minmay_the_grid_square_5x5_n_small,
          minmay_the_grid_square_5x5_inner_v,
          minmay_the_grid_square_5x5_shrine1,
          minmay_the_grid_square_5x5_shuriken, minmay_the_grid_square_5x5_z,
          minmay_the_grid_square_5x5_moneybag], layout_gridville,
          hangedman_tar_grid_catacomb, pan_entry, abyss_entry,
          minmay_staircase_windowed_large
Depths:4: radiant_caverns_a_rkd, hell_entry, abyss_entry, uniq_xtahua
Depths:5: evilmike_zot_entry_hall, layout_cave_pools, serial_rivers,
          chequers_serial_rivers_large_a, chequers_serial_rivers_small_b,
          chequers_serial_rivers_large_b, chequers_serial_rivers_room_b,
          hell_entry, pan_entry, abyss_entry, patterned_corridor
Zot:1:    layout_onion_interference
Zot:2:    layout_gridlike
Zot:3:    hangedman_zot_vaults_quadrants, layout_concentric_octagons
Zot:4:    layout_basic, ebering_ghost_reflecting_pool, lemuel_baited_zot_trap
Zot:5:    layout_misc_corridors

Skill      XL: |  1  2  3  4  5  6  7  8  9 10 11 12 13 14 15 16 17 18 19 20 21 22 23 24 25 26 27 |
---------------+----------------------------------------------------------------------------------+-----
Stealth        | 1 2 4 10 11 | 11.0
Unarmed Combat | 4 5 6 8 11 12 14 15 16 17 18 19 20 21 22 | 22.1
Shields        | 1 2 3 4 7 10 12 13 15 | 15.0
Fighting       | 4 5 7 8 9 10 11 13 14 15 16 17 18 19 20 21 22 23 25 | 25.7
Throwing       | 3 6 7 9 12 17 | 17.6
Dodging        | 7 9 10 11 14 17 20 22 23 24 25 | 25.4
Evocations     | 2 6 |  6.2

Action                   |  1- 3 |  4- 6 |  7- 9 | 10-12 | 13-15 | 16-18 | 19-21 | 22-24 | 25-27 || total
-------------------------+-------+-------+-------+-------+-------+-------+-------+-------+-------++-------
Melee: Unarmed           |    87 |    81 |   275 |   429 |  1135 |  1230 |  1069 |  1549 |  1484 ||  7339
       Constrict         |    26 |    21 |    83 |    52 |   114 |   135 |   112 |   209 |   155 ||   907
       Tentacles         |    12 |    16 |    62 |   111 |   313 |   371 |   385 |   579 |   588 ||  2437
       Punch             |     1 |     2 |    19 |    56 |   200 |   271 |   313 |   484 |   430 ||  1776
Throw: Javelin           |       |       |     2 |     2 |       |    18 |     3 |     5 |     6 ||    36
       Dart              |       |       |       |    77 |   117 |    24 |    10 |    12 |    10 ||   250
       Boomerang         |       |       |       |    48 |    21 |       |       |       |       ||    69
Invok: Berserk           |       |     2 |     3 |    12 |    12 |     7 |     2 |       |     6 ||    44
       Trog's Hand       |       |     1 |     1 |     1 |     4 |     8 |     4 |     3 |     8 ||    30
       Brothers in Arms  |       |       |       |       |       |     1 |     2 |     2 |       ||     5
Evoke: Wand              |       |       |     1 |       |     8 |    17 |     9 |    13 |       ||    48
       Phantom mirror    |       |       |       |       |       |       |       |     1 |       ||     1
  Use: Scroll            |       |     3 |    11 |     5 |    18 |    11 |    14 |     6 |     6 ||    74
       Potion            |       |       |       |       |     1 |     4 |     4 |     5 |    16 ||    30
 Stab: Sleeping          |     5 |     6 |    15 |    18 |    50 |    26 |     6 |    30 |    20 ||   176
       Distracted        |       |       |       |       |     3 |     6 |     8 |     8 |    11 ||    36
       Paralysed         |       |       |       |       |     2 |     2 |       |     3 |       ||     7
       Confused          |       |       |       |       |       |     1 |       |       |       ||     1
       Petrified         |       |       |       |       |       |       |       |     1 |       ||     1
  Eat: Chunk             |     1 |     8 |    17 |    34 |    46 |    27 |    30 |    33 |    22 ||   218
       Ration            |       |       |       |     2 |     5 |    11 |     5 |     3 |    10 ||    36
Armor: Skin              |     6 |     4 |     6 |     7 |    16 |    23 |    63 |    50 |    56 ||   231
Dodge: Dodged            |    64 |    73 |   169 |   220 |   756 |  1092 |   784 |   731 |  1055 ||  4944
Block: Buckler           |       |       |    18 |   109 |   255 |   422 |   197 |       |       ||  1001
       Kite shield       |       |       |       |       |       |       |   256 |   955 |   946 ||  2157
